 Dungeon Crawl Stone Soup version 0.26-a0-663-g36e8fdb655 (webtiles) character file.

Game seed: 15329212493319907427

96 halkony2012 the Ruffian (level 4, -4/39 HPs)
             Began as a Troll Hedge Wizard on Oct 11, 2020.
             Slain by Natasha (8 damage)
             ... on level 2 of the Dungeon.
             The game lasted 00:05:07 (1074 turns).

halkony2012 the Ruffian (Troll Hedge Wizard)        Turns: 1074, Time: 00:05:08

Health: -4/39      AC:  6    Str: 19    XL:     4   Next: 41%
Magic:  6/6        EV: 10    Int: 10    God:
Gold:   59         SH:  0    Dex:  9    Spells: 6/7 levels left

rFire    . . .     SeeInvis .     - Unarmed
rCold    . . .     Faith    .   (no shield)
rNeg     . . .     Spirit   .   b - +0 robe
rPois    .         Reflect  .   c - +0 hat
rElec    .         Harm     .   (no cloak)
rCorr    .         Rampage  .   (gloves unavailable)
MR       .....                  (boots unavailable)
Stlth    +.........             (no amulet)
HPRegen  0.53/turn              (no ring)
MPRegen  0.10/turn              (no ring)

@: slowed, very slow
A: large, unfitting armour, claws 3, regeneration 1, shaggy fur 1, tough skin 3
a: no special abilities


You were on level 2 of the Dungeon.
You visited 1 branch of the dungeon, and saw 2 of its levels.

You collected 59 gold pieces.

Inventory:

Armour
 b - a +0 robe (worn)
 c - a +0 hat (worn)
Jewellery
 f - a cursed ring of teleportation {unknown}
Scrolls
 d - 2 scrolls of random uselessness {unknown}
 h - a scroll of enchant weapon {unknown}
 i - a scroll of identify {unknown}
 j - a scroll of remove curse {unknown}
Potions
 a - a potion of brilliance {unknown}
 e - 2 potions of stabbing {unknown}
 g - a potion of flight {unknown}


   Skills:
 - Level 1.5 Dodging
 - Level 1.0 Stealth
 * Level 4.1 Unarmed Combat
 - Level 2.0 Spellcasting
 - Level 0.6 Conjurations
   Level 0.6 Summonings
   Level 0.6 Translocations


You had 6 spell levels left.
You knew the following spells:

 Your Spells              Type           Power        Failure   Level
a - Magic Dart            Conj           #...         24%         1

Your spell library contained the following spells:

 Spells                   Type           Power        Failure   Level
 Blink                    Tloc           N/A          36%         2
 Call Imp                 Summ           #.......     36%         2
 Slow                     Hex            #.......     43%         2
 Conjure Flame            Conj/Fire      #.......     63%         3
 Mephitic Cloud           Conj/Pois/Air  #.......     65%         3


Dungeon Overview and Level Annotations

Branches:
Dungeon (2/15)

Altars:

Annotations:
D:2 Natasha


Innate Abilities, Weirdness & Mutations

You are too large for most types of armour.
You have claws for hands.
Your natural rate of healing is unusually fast.
You are covered in fur. (AC +1)
You have extremely tough skin. (AC +3)


Message History

The white imp hits you but does no damage.
The kobold hits you but does no damage. Natasha claws you.
You closely miss Natasha.
The white imp hits you but does no damage.
The kobold hits you. Natasha barely misses you. The white imp gestures at you.
The puff of frost hits you.
The white imp hits you but does no damage.
You barely miss Natasha. The kobold hits you but does no damage.
Natasha casts a spell at you. The magic dart hits you!
* * * LOW HITPOINT WARNING * * *
The white imp barely misses you. The white imp gestures at you.
The puff of frost hits you.
* * * LOW HITPOINT WARNING * * *
The kobold hits you.
* * * LOW HITPOINT WARNING * * *
The white imp barely misses you. Natasha claws you!
You die...

#.#....(..#.##...##.#....
##.#...................
##.#..................
##.#.................
##.#...............
###.#...#..#.#..# .
..#.######...######.#
###)#...#..#.#5.#...#.
#.#....8....@5.8....#
#.#....).....Kh.......
#.#.....8.........8$...
#.#...........(((.......
#.#......†.8.......8.....
.#.......................
.............?..........
.........)............#
#####################.#


You could see Natasha, 2 white imps and a kobold.

Vanquished Creatures
  Robin (D:2)
  A gnoll (D:1)
  2 adders (D:2)
  A worm (D:2)
  A dart slug (D:1)
  2 leopard geckos
  5 bats
  A giant cockroach (D:2)
  17 goblins
  5 hobgoblins
  2 jackals (D:2)
  3 kobolds
  A quokka (D:2)
  A frilled lizard (D:2)
  5 rats
48 creatures vanquished.

Vanquished Creatures (others)
  6 plants (D:2)
6 creatures vanquished.

Grand Total: 54 creatures vanquished

Notes
Turn   | Place    | Note
-------+----------+-------------------------------------------
     0 | D:1      | halkony2012 the Troll Hedge Wizard began the quest for the
                  | Orb.
     0 | D:1      | Reached XP level 1. HP: 16/16 MP: 2/2
    46 | D:1      | Reached skill level 1 in Unarmed Combat
   150 | D:1      | Reached XP level 2. HP: 24/24 MP: 4/4
   236 | D:1      | Reached skill level 2 in Unarmed Combat
   366 | D:1      | Reached XP level 3. HP: 31/31 MP: 5/5
   744 | D:2      | Reached skill level 3 in Unarmed Combat
   782 | D:2      | Noticed Robin
   824 | D:2      | Killed Robin
   824 | D:2      | Reached XP level 4. HP: 36/39 MP: 6/6
   941 | D:2      | Reached skill level 4 in Unarmed Combat
  1062 | D:2      | Noticed Natasha
  1074 | D:2      | Slain by Natasha

Illustrated notes

Levels and vault maps discovered:
D:1:      grunt_arrival_crossed_arrows, layout_basic
D:2:      wad_pebble_path, layout_basic, serial_bayou, serial_bayou_crossing,
          minmay_strange_pillars, st_stairs_11, grunt_dithmenos_smoke,
          uniq_natasha, uniq_robin

Skill      XL: |  1  2  3  4 |
---------------+-------------+-----
Unarmed Combat | 1 2 3 4 |  4.1
Dodging        | |  1.5
Stealth        | |  1.0
Spellcasting   | |  2.0
Conjurations   | |  0.6
Summonings     | |  0.6
Translocations | |  0.6

Action                   |  1- 3 |  4- 6 || total
-------------------------+-------+-------++-------
Melee: Unarmed           |   104 |    48 ||   152
 Stab: Sleeping          |     2 |     1 ||     3
Armor: Robe              |    36 |    25 ||    61
Dodge: Dodged            |    65 |    32 ||    97

Table legend: (Time is in decaauts)
 A = Elapsed time spent in this place.
 B = Non-inter-level travel time spent in this place.
 C = Inter-level travel time spent in this place.
 D = Time resting spent in this place.
 E = Time spent auto-exploring this place.
 F = Levels seen in this place.
 G = Mean time per level.
                   A        B        C        D        E       F      G
               +--------+--------+--------+--------+--------+-----+--------+
         Total |   1067 |   1062 |      5 |     59 |    582 |   2 |  533.5 |
       Dungeon |   1067 |   1062 |      5 |     59 |    582 |   2 |  533.5 |
               +--------+--------+--------+--------+--------+-----+--------+

Top non-repeatable levels by time:
     D:1: 734 daAuts
     D:2: 332 daAuts
